Unix NetHack Version 5.0.0-0 post-release - last build Jul 19 2026 19:10:59 (3aa4ab31751d3886436d94b585a96704892fd477,branch:main).

Game began 2026-07-28 22:52:22, ended 2026-07-28 23:16:03.

BeardyHaddock, neutral male gnomish Archeologist

                                ------  -----
                                |....|  |...|
                                |.`..----...|
                                |....'@....`|
                                |..--->---..|
                                |---------.---
                                |...^.<|.....|
                                |..----|.....|
                                --.|   |.....|
                                 |^-----.%...|
                                 |.....^.....|
                                 |..----------
                                 ----

BeardyHaddock the Investigator  St:15 Dx:9 Co:17 In:16 Wi:14 Ch:7  Neutral
Dlvl:5  $:176 HP:0(42) Pw:20(30) AC:9  Xp:6 T:3184  Satiated Burdened

Latest messages:
 The boulder suddenly rolls away from you!
 You hear a boulder fall.
 Click!  You trigger a rolling boulder trap!
 No boulder was released.
 You see here a forked wand.
 You have a little trouble lifting Q - a forked wand.
 With great effort you move the boulder.
 With great effort you move the boulder.
 You try to move the boulder, but in vain.
 The boulder suddenly rolls away from you!
 Thump!
 You escape a rolling boulder trap.
 You start digging.
 This wall is too hard to dig into.
 The boulder suddenly rolls away from you!
 You hear a boulder fall.
 Click!  You trigger a rolling boulder trap!
 No boulder was released.
 You see here a copper ring.
 You have a little trouble lifting R - a copper ring.
 Click!  You trigger a rolling boulder trap!
 No boulder was released.
 You escape a rolling boulder trap.
 You start digging.
 This wall is too hard to dig into.
 You continue digging.
 This wall is too hard to dig into.
 The rope golem hits!
 The rope golem hits again!
 The rope golem grabs you!
 In what direction? 4
 The spell hits the rope golem!
 In what direction? 4
 The spell hits the rope golem!
 You hit the rope golem.
 The rope golem hits!
 The rope golem hits again!
 You are being choked.
 The rope golem hits!
 The rope golem hits again!
 You are being choked.
 Are you sure you want to pray? [yn] (n) y
 You begin praying to Camaxtli.
 The rope golem hits!
 The rope golem hits again!
 You are being choked.
 The rope golem hits!
 You die...
 Do you want your possessions identified? [ynq] (y) y
 Do you want to see your attributes? [ynq] (y) q

Inventory:
 Coins    ('$')
  $ - 176 gold pieces
 Amulets  ('"')
  z - an uncursed amulet of life saving
  C - a cursed amulet of restful sleep
 Weapons  (')')
  s - a +0 dagger
  a - a +2 bullwhip (alternate weapon; not wielded)
  r - the +4 Trollsbane
 Armor    ('[')
  c - an uncursed +0 fedora (being worn)
  b - an uncursed +0 leather jacket (being worn)
 Comestibles  ('%')
  d - 4 uncursed food rations
  N - an uncursed lembas wafer
 Scrolls  ('?')
  v - an uncursed scroll of destroy armor
  l - a cursed scroll of destroy armor
  P - 2 uncursed scrolls of earth
  u - 2 uncursed scrolls of enchant armor
  L - an uncursed scroll of enchant weapon
  M - an uncursed scroll of teleportation
 Spellbooks  ('+')
  p - an uncursed spellbook of cure blindness
  m - an uncursed spellbook of force bolt
  A - a cursed spellbook of light
 Potions  ('!')
  o - an uncursed potion of enlightenment
  I - a blessed potion of extra healing
  J - an uncursed potion of object detection
  K - a blessed potion of speed
  G - an uncursed potion of water
 Rings    ('=')
  q - a cursed ring of aggravate monster
  R - an uncursed ring of fire resistance
  n - an uncursed +1 ring of gain strength
  B - a cursed ring of protection from shape changers
  j - an uncursed ring of shock resistance
 Wands    ('/')
  Q - a wand of nothing (0:5)
  E - a wand of secret door detection (0:13)
 Tools    ('(')
  h - an empty uncursed sack
  i - an uncursed oil lamp
  e - a +0 pick-axe (weapon in right hand)
  f - a tinning kit (0:70)
 Gems/Stones  ('*')
  g - an uncursed touchstone

BeardyHaddock the Archeologist's attributes:

Background:
 You were an Investigator, a level 6 male gnomish Archeologist.
 You were neutral, on a mission for Camaxtli
 who was opposed by Quetzalcoatl (lawful) and Huhetotl (chaotic).
 You were right-handed.
 You were in Sokoban, on level 5.
 You entered the dungeon 3184 turns ago.
 It was nighttime.
 You had 403 experience points, 237 more were needed to attain level 7.

Basics:
 You had 0 out of 42 hit points.
 You had 20 out of 30 energy points (spell power).
 Your armor class was 9.
 Your wallet contained 176 zorkmids.
 Autopickup was off.

Final Characteristics:
 Your strength was 15 (limit:18/50).
 Your dexterity was 9 (limit:18).
 Your constitution was 17 (limit:18).
 Your intelligence was 16 (limit:19).
 Your wisdom was 14 (limit:18).
 Your charisma was 7 (limit:18).

Final Status:
 You were held by a rope golem (west).
 You were satiated.
 You were burdened; movement was slightly slowed.
 You were wielding a pick-axe.
 You were skilled in pick-axe.

Final Attributes:
 You were piously aligned.
 You had automatic searching.
 You had infravision.
 You were stealthy.
 You were fast.
 You are dead.

Miscellaneous:
 You didn't encounter any bones levels.
 Total elapsed playing time was 23 minutes and 41 seconds.

Major events:
 Turn
    1: BeardyHaddock the neutral male gnomish Archeologist entered the dungeon
  344: found Trollsbane on the floor
 1540: attained the rank of Field Worker (level 3)
 2870: attained the rank of Investigator (level 6)
 2922: entered Sokoban
 3184: killed by a rope golem, while praying

Spells:
 Name                 Level Category     Fail Retention
 force bolt             1   attack         0%  76%-100%
 cure blindness         2   healing       70%  76%-100%

Skills:
 Fighting Skills
   bare handed combat [Unskilled]
   two weapon combat  [Unskilled]
   riding             [Unskilled]
 Weapon Skills
   dagger             [Unskilled]
   knife              [Unskilled]
   pick-axe           [Skilled]
   short sword        [Unskilled]
   saber              [Unskilled]
   club               [Unskilled]
   quarterstaff       [Unskilled]
   sling              [Unskilled]
   dart               [Unskilled]
   boomerang          [Unskilled]
   whip               [Basic]
   unicorn horn       [Unskilled]
 Spellcasting Skills
   attack spells      [Unskilled]
   healing spells     [Unskilled]
   divination spells  [Unskilled]
   matter spells      [Unskilled]

Voluntary challenges:
 Character rerolling was not enabled.
 You never genocided any monsters.
 You never polymorphed an object.
 You never changed form.
 You used no wishes.
 You did not violate any of the special Sokoban rules.
Achievements:
 You attained the rank of Field Worker.
 You attained the rank of Investigator.
 You entered Sokoban.

 The Dungeons of Doom: levels 1 to 6
    Level 1:
    Level 2:
    Level 3:
    Level 4:
    Level 5:
       Many fountains.
       Oracle of Delphi.
    Level 6:
       A grave.
       Stairs up to Sokoban, level 5.
 Sokoban:
    Level 5: <- You were here.
       Unsolved.
       Final resting place for
          you, killed by a rope golem, while praying.


Vanquished creatures:
  6 leprechauns
  a water nymph
  a mountain nymph
  a fog cloud
  a gray ooze
  a giant ant
  a floating eye
  2 kittens
  a homunculus
  a wererat
  a werejackal
  a gas spore
  a large kobold
  2 hobgoblins
  2 brown molds
  a red mold
  2 gnome zombies
  a gecko
  3 jackals
  a goblin
  a sewer rat
  6 grid bugs
  4 lichens
  6 newts
48 creatures vanquished.

No species were genocided or became extinct.

Game over:
                       ----------
                      /          \
                     /    REST    \
                    /      IN      \
                   /     PEACE      \
                  /                  \
                  |  BeardyHaddock   |
                  |      176 Au      |
                  | killed by a rope |
                  |      golem       |
                  |                  |
                  |                  |
                  |       2026       |
                 *|     *  *  *      | *
        _________)/\\_//(\/(/\)/\//\/|_)_______

Goodbye BeardyHaddock the Archeologist...

You died in Sokoban on dungeon level 5 with 2041 points,
and 176 pieces of gold, after 3184 moves.
You were level 6 with a maximum of 42 hit points when you died.

